 Dungeon Crawl Stone Soup version 0.24-a0-278-gefa1973 (webtiles) character file.

Game seed: 8274587358125595639

127 BigZZ40 the Skirmisher (level 5, -3/33 HPs)
             Began as a Tengu Abyssal Knight on Apr 30, 2019.
             Was a Believer of Lugonu.
             Slain by Menkaure (9 damage)
             ... on level 4 of the Dungeon.
             The game lasted 00:15:09 (2627 turns).

BigZZ40 the Skirmisher (Tengu Abyssal Knight)       Turns: 2627, Time: 00:15:10

Health: -3/33      AC:  5    Str: 13    XL:     5   Next: 11%
Magic:  7/7        EV: 11    Int: 12    God:    Lugonu [**....]
Gold:   191        SH:  0    Dex: 14    Spells: 4/4 levels left

rFire    . . .     SeeInvis .   a - +2 spear
rCold    . . .     Gourm    .   (no shield)
rNeg     + . .     Faith    +   f - +0 ring mail {rN+}
rPois    .         Spirit   .   (helmet restricted)
rElec    .         Reflect  .   (no cloak)
rCorr    .         Harm     .   (no gloves)
MR       .....                  (boots unavailable)
Stlth    +.........             s - amulet of faith
HPRegen  0.11/turn              (no ring)
MPRegen  0.10/turn              (no ring)

@: no status effects
A: beak, talons 3, able to fly
a: Fly, Depart the Abyss, Bend Space, Renounce Religion


You were on level 4 of the Dungeon.
You worshipped Lugonu.
Lugonu was pleased with you.
You were not hungry.

You visited 1 branch of the dungeon, and saw 4 of its levels.
You visited the Abyss 1 time.

You collected 191 gold pieces.

Inventory:

Hand Weapons
 a - a +2 spear (weapon)
 i - a +0 dagger
 k - a +0 short sword
 u - a +0 arbalest
Missiles
 h - 77 stones (quivered)
 t - 12 poisoned needles
 v - 23 bolts
 x - 22 sling bullets
Armour
 b - a +0 leather armour
 e - a +0 leather armour
 f - a +0 ring mail of positive energy (worn)
 l - a +0 robe
 o - a +0 ring mail
 w - a +0 ring mail
 y - a +0 ring mail
Jewellery
 s - an amulet of faith (around neck)
Wands
 B - a wand of enslavement (7)
Scrolls
 d - a scroll of amnesia {unknown}
 g - 3 scrolls of remove curse
 q - a scroll of magic mapping
 r - a scroll of identify
 z - a scroll of noise {unknown}
Potions
 j - a potion of mutation {unknown}
 n - a potion of heal wounds {unknown}
 p - 2 potions of curing
Comestibles
 c - 7 rations


   Skills:
 + Level 4.1 Fighting
 + Level 3.2 Polearms
 + Level 0.3 Throwing
 + Level 3.2 Armour
 + Level 1.8 Dodging
 - Level 1.9 Invocations


You had 4 spell levels left.
You didn't know any spells.
Your spell library was empty.

Dungeon Overview and Level Annotations

Branches:
Dungeon (4/15)
 Temple: D:4-7

Altars:
Hepliaklqana
Uskayaw
Wu Jian

Annotations:
D:4 Menkaure


Innate Abilities, Weirdness & Mutations

You have a beak for a mouth.
You have claws for feet.
You can fly continuously.


Message History

Menkaure casts a spell.
Menkaure seems to speed up.
A jackal comes into view.
The jackal barks!
You hear a bark!
Found 4 tomahawks of returning.
A jackal comes into view.
The jackal barks!
The jackal moves out of view.
A jackal comes into view.
Menkaure gestures at you while chanting.
Pain shoots through your body!
* * * LOW HITPOINT WARNING * * *
Menkaure calls on the powers of darkness!
The jackal convulses! x2
The jackal barks!
Your body is wracked with pain!
* * * LOW HITPOINT WARNING * * *
Menkaure's bandages flutter.
Menkaure hits you!
You die...

.# ## .#... .#.# #
##########...#.# ...
#..............# ..
......+@M...h.h....(..
#....(..##.h............#
#.......#)..............# #
#.... ......####.######..
.###...# #.#.#.#....§....#
.......#+#.#.#+#<.#.§§§..#
#..............##.§§§§.#
#.##................§...§.#
#...........##....##§#§##.#


You could see Menkaure and 3 jackals.

Vanquished Creatures
  A jelly (D:3)
  2 adders (D:3)
  2 oozes
  2 worms
  3 leopard geckos
  3 orcs (D:3)
  3 ball pythons
  3 giant cockroaches
  4 goblins
  4 hobgoblins
  5 jackals (D:1)
  A quokka (D:3)
  5 bats
  2 frilled lizards
  12 kobolds
  5 rats
57 creatures vanquished.

Notes
Turn   | Place    | Note
-------+----------+-------------------------------------------
     0 | Abyss:1  | BigZZ40 the Tengu Abyssal Knight began the quest for the
                  | Orb.
     0 | Abyss:1  | Reached XP level 1. HP: 14/14 MP: 3/3
    69 | Abyss:1  | Found a corrupted altar of Lugonu.
    74 | D:1      | Escaped the Abyss
   524 | D:1      | Reached XP level 2. HP: 5/19 MP: 4/4
   840 | D:1      | Reached XP level 3. HP: 22/23 MP: 5/5
   966 | D:1      | Reached ** piety under Lugonu
  1345 | D:2      | Found an ornate altar of the Wu Jian Council.
  1971 | D:3      | Reached XP level 4. HP: 28/29 MP: 6/6
  1991 | D:3      | Reached skill level 4 in Fighting
  2003 | D:3      | Found a hide-covered altar of Uskayaw.
  2227 | D:3      | Gained mutation: You can fly continuously. [Tengu growth]
  2227 | D:3      | Reached XP level 5. HP: 33/33 MP: 7/7
  2606 | D:4      | Found a hazy altar of Hepliaklqana.
  2606 | D:4      | Noticed Menkaure
  2627 | D:4      | Slain by Menkaure

Levels and vault maps discovered:
D:1:      minmay_arrival_wavy_path, layout_rooms, amethyst_killhole,
          minmay_pentomino_s4
D:2:      layout_loops_ring, lemuel_doored_altar
D:3:      layout_basic, eat_drink_and_be_merry_uskayaw
D:4:      kb_forest_paths, layout_basic, kennysheep_little_box,
          minmay_misc_feat_pillars, uniq_blork_the_orc, uniq_menkaure

Skill      XL: |  1  2  3  4 |
---------------+-------------+-----
Fighting       | 4 |  4.1
Polearms       | 3 |  3.2
Armour         | 3 |  3.2
Throwing       | |  0.3
Dodging        | |  1.8
Invocations    | |  1.9

Action                   |  1- 3 |  4- 6 || total
-------------------------+-------+-------++-------
Melee: Spear             |    95 |    42 ||   137
       Kick              |    20 |     9 ||    29
       Peck              |     9 |     7 ||    16
Throw: Stone             |     4 |     3 ||     7
  Use: Scroll            |     4 |     4 ||     8
       Potion            |     1 |       ||     1
  Eat: Chunk             |     3 |     2 ||     5
Armor: Leather armour    |     6 |       ||     6
       Ring mail         |    29 |     9 ||    38
Dodge: Dodged            |    46 |    19 ||    65

Table legend:
 A = Non-vault XP
 B = Vault XP
 C = Vault XP percentage of total XP
 D = Non-vault monster count
 E = Vault monster count
 F = Vault count percentage of total count
                 A         B        C        D         E       F
            +---------+---------+-------+---------+---------+-------
      Total |     176 |       6 |   3.3 |      53 |       4 |   7.0
            +---------+---------+-------+---------+---------+-------
        D:1 |      42 |       6 |  12.5 |      21 |       4 |  16.0
        D:2 |      31 |       0 |   0.0 |      14 |       0 |   0.0
        D:3 |     103 |       0 |   0.0 |      18 |       0 |   0.0
            +---------+---------+-------+---------+---------+-------
